 Seeded DCSS version 0.30.1-6-gbe392663c4 (webtiles) character file.

Game seed: 15140874439476535185 (custom seed)

1 Psyclone the Stinger (level 1, 0/11 HPs)
             Began as an Octopode Venom Mage on Sept 20, 2023.
             Slain by an endoplasm (1 damage)
             ... on level 1 of the Dungeon.
             The game lasted 00:00:40 (163 turns).

Psyclone the Stinger (Octopode Venom Mage)           Turns: 163, Time: 00:00:41

Health: 0/11       AC:  1    Str:  7    XL:     1   Next: 20%
Magic:  3/3        EV: 13    Int: 17    God:
Gold:   13         SH:  0    Dex: 12    Spells: 3/4 levels left

rFire   . . .        (no weapon)
rCold   . . .        (no shield)
rNeg    . . .        (helmet restricted)
rPois   .            (no amulet)
rElec   .            (no ring)
rCorr   .            (no ring)
SInv    .            (no ring)
Will    .....        (no ring)
Stlth   +++          (no ring)
HPRegen 0.21/turn    (no ring)
MPRegen 0.08/turn    (no ring)
                     (no ring)

%: no passive effects
@: no status effects
A: almost no armour, amphibious, 8 rings, camouflage 1, gelatinous body 1,
(nimble swimmer 1), tentacles
a: no special abilities


You were on level 1 of the Dungeon.
You visited 1 branch of the dungeon, and saw 1 of its levels.

You collected 13 gold pieces.

Inventory:

Scrolls
 b - a scroll of teleportation {unknown}
 c - a scroll of fog {unknown}
Potions
 a - a potion of magic


   Skills:
 - Level 2.0 Dodging
 - Level 2.6 Stealth
 - Level 2.0 Spellcasting
 - Level 1.0 Transmutations
 + Level 3.7 Poison Magic


You had 3 spell levels left.
You knew the following spells:

 Your Spells              Type           Power      Damage    Failure   Level
a - Sting                 Tmut/Pois      36%        1d4       8%          1

Your spell library contained the following spells:

 Spells                   Type           Power      Damage    Failure   Level
 Poisonous Vapours        Pois/Air       16%        N/A       14%         2
 Wereblood                Tmut           5%         N/A       19%         2
 Sublimation of Blood     Necr           1%         N/A       28%         2
 Mephitic Cloud           Conj/Pois/Air  5%         N/A       34%         3
 Olgreb's Toxic Radiance  Pois           14%        N/A       38%         4
 Summon Hydra             Summ           0%         N/A       100%        7


Dungeon Overview and Level Annotations

Branches:
Dungeon (1/15) Zot: 5836

Altars:


Innate Abilities, Weirdness & Mutations

You cannot wear most types of armour.
You are amphibious.
You can wear up to eight rings at the same time.
Your skin changes colour to match your surroundings (Stealth+).
Your rubbery body absorbs attacks. (AC +1, EV +1)
((You are camouflaged when in or above water. (Stealth+)))
You have tentacles for arms and can constrict up to eight enemies at once.


Message History

You don't have enough magic to cast this spell.
Unknown command.
You kill the endoplasm!
Found 13 gold pieces.
A goblin and a rat come into view.
An endoplasm comes into view.
You see here 13 gold pieces.
You now have 13 gold pieces.
Health restored: 11 The endoplasm quivers.
You see here 6 poisoned darts.
You enter the shallow water.
MP restored: 3 You enter the shallow water.
A dart slug comes into view.
Found a stone staircase leading down.
The dart slug launches a dart at you. The slug dart hits you.
You take 5 damage, and have 6/11 hp.
MASSIVE DAMAGE!!
The dart slug launches a dart at you. The slug dart misses you.
Found a spear.
An endoplasm comes into view.
A rat comes into view.
Found 7 gold pieces.
The dart slug briefly extends its eye-stalks.
The dart slug launches a dart at you. The slug dart hits you.
You take 2 damage, and have 6/11 hp.
The endoplasm quivers.
The rat bites you.
You take 3 damage, and have 4/11 hp.
MASSIVE DAMAGE!!
An endoplasm comes into view.
The endoplasm hits you.
* * * LOW HITPOINT WARNING * * *
You take 2 damage, and have 2/11 hp.
The rat attacks as you move away! The rat bites you.
* * * LOW HITPOINT WARNING * * *
The endoplasm hits you.
You die...

..... ..J...
...... ......
......#####+###
..........@...#
........rJ....#
..............#
..............#
..####.......$#
...# #........#
.....##.....###
.....##.###.#
## ........# .#


You could see an endoplasm and a rat.

Vanquished Creatures
  An endoplasm (D:1)
1 creature vanquished.

Notes
Turn   | Place    | Note
-------+----------+-------------------------------------------
     0 | D:1      | Psyclone the Octopode Venom Mage began the quest for the
                  | Orb.
     0 | D:1      | Reached XP level 1. HP: 11/11 MP: 3/3
   163 | D:1      | Slain by an endoplasm

Illustrated notes

Levels and vault maps discovered:
D:1:      lightli_arrival_isolated_outpost, layout_basic

Action                     || total
---------------------------++-------
   Cast: Sting             ||     3
  Dodge: Dodged            ||     1
